AoeStats
← Carpen

Fortress

507949433Analyzed
2v2 RM · 10d ago on Sep 20, 2026· 56m 45s· 4 players
Game mode
Random Map
Map size
Normal (6 player)
Population
200
Speed
Normal
Resources
Standard
Victory
Conquest
Starting age
Dark Age
Ending age
Imperial Age
RankedLock teamsTeams togetherTeam positionsShared explorationLock speedFull tech treeHidden civsTurbo modeCheats
Victory
Defeat
🇮🇳 Mongols · India
1254
+15
🇬🇧 Spanish · United Kingdom
1235
+16
🇻🇳 Britons · Vietnam
1253
-16
🇻🇳 Persians · Vietnam
1215
-15
SayNang
9:34 Feudal Age
11:34 Double-Bit Axe
14:22 Castle Age
12:32 Gold Mining
15:29 Bow Saw
18:34 Imperial Age
18:05 Scale Barding Armor
19:24 Wheelbarrow
19:01 Husbandry
22:26 Chain Barding Armor
23:42 Bloodlines
24:24 Cavalier
26:10 Gold Shaft Mining
26:17 Forging
26:32 Loom
28:24 Plate Barding Armor
31:43 Savar
37:18 Conscription
knmh83
8:43 Feudal Age
9:30 Double-Bit Axe
12:31 Castle Age
10:17 Loom
10:33 Horse Collar
11:01 Fletching
11:56 Gold Mining
13:26 Padded Archer Armor
15:12 Bow Saw
24:42 Imperial Age
23:07 Wheelbarrow
23:27 Bodkin Arrow
24:26 Leather Archer Armor
25:17 Yeomen
25:22 Ballistics
26:50 Chemistry
26:59 Elite Longbowman
28:50 Conscription
29:55 Gold Shaft Mining
30:22 Two-Man Saw
30:36 Bracer
32:18 Ring Archer Armor
35:54 Pikeman
37:20 Halberdier
38:01 Squires
39:59 Scale Mail Armor
40:10 Forging
41:15 Chain Mail Armor
45:33 Caravan
46:04 Coinage
45:52 Elite Skirmisher
Hyderabad (Ind)
7:03 Feudal Age
11:46 Castle Age
9:45 Double-Bit Axe
10:20 Horse Collar
11:26 Gold Mining
13:52 Gold Shaft Mining
14:46 Bow Saw
21:38 Wheelbarrow
20:54 Loom
20:55 Town Watch
23:04 Hand Cart
26:37 Imperial Age
24:15 Fletching
24:26 Padded Archer Armor
24:38 Forging
24:47 Scale Barding Armor
24:50 Stone Mining
25:08 Bodkin Arrow
25:35 Ballistics
26:09 Leather Archer Armor
27:15 Thumb Ring
27:40 Conscription
28:35 Chemistry
27:36 Bracer
27:46 Heavy Plow
29:17 Stone Shaft Mining
28:09 Capped Ram
29:54 Husbandry
30:04 Bloodlines
29:45 Siege Ram
30:47 Heavy Camel Rider
31:47 Nomads
32:39 Drill
33:22 Iron Casting
33:08 Chain Barding Armor
33:18 Light Cavalry
33:31 Elite Steppe Lancer
36:26 Blast Furnace
37:22 Caravan
37:13 Hussar
Carpen
7:05 Feudal Age
8:04 Double-Bit Axe
12:19 Castle Age
11:46 Horse Collar
13:31 Bow Saw
13:34 Gold Mining
16:24 Loom
17:12 Padded Archer Armor
18:16 Leather Archer Armor
18:39 Bloodlines
23:36 Stone Mining
24:00 Husbandry
25:49 Heavy Plow
31:12 Imperial Age
32:52 Ring Archer Armor
32:22 Elite Conquistador
33:24 Conscription
33:30 Fortified Wall
36:21 Stone Shaft Mining
46:54 Scale Mail Armor
47:05 Forging
46:41 Pikeman
47:22 Squires
47:26 Fletching
47:53 Chain Mail Armor
52:22 Plate Mail Armor
52:27 Iron Casting
52:24 Halberdier
55:54 Caravan
Connection lost

Rejoining the realm…

Still unreachable

The connection could not be restored.

Session expired

The server has moved on; the page needs a fresh start.